 Dungeon Crawl Stone Soup version 0.19.3-4-gbf9329e (webtiles) character file.

36 volk64 the Insei (level 3, 0/31 HPs)
             Began as a Naga Transmuter on Jan 27, 2017.
             Succumbed to an adder's poison
             ... on level 2 of the Dungeon.
             The game lasted 00:04:09 (1188 turns).

volk64 the Insei (Naga Transmuter)                  Turns: 1188, Time: 00:04:10

Health: 0/31       AC:  2    Str: 12    XL:     3   Next: 37%
Magic:  6/6        EV: 10    Int: 13    God:
Gold:   71         SH:  0    Dex: 12    Spells: 2 memorised, 4 levels left

rFire  . . .     SeeInvis +       - Unarmed
rCold  . . .     Gourm    .     b - +0 robe
rNeg   . . .     Faith    .     (no shield)
rPois  +         Spirit   .     (no helmet)
rElec  .         Reflect  .     (no cloak)
rCorr  .         Harm     .     (no gloves)
MR     .....     Rnd*Tele +     (no barding)
Stlth  +.........               (no amulet)
                                (no ring)
                                m - ring of teleportation (curse)

@: lethally poisoned (0 -> -5), appendage (expiring), very slow
A: horns 2, see invisible, deformed body, poison resistance, slowness 2, slow
metabolism 1, spit poison 1, AC +1
a: Spit Poison, End Transformation


You were on level 2 of the Dungeon.
You were hungry.
You had grown temporary horns.
You visited 1 branch of the dungeon, and saw 2 of its levels.

You collected 71 gold pieces.

Inventory:

Missiles
 a - 76 arrows
Armour
 b - a +0 robe (worn)
 l - a +0 chain mail
Jewellery
 m - a cursed ring of teleportation (left hand)
Scrolls
 h - a scroll of identify {unknown}
 k - a scroll of remove curse {unknown}
Potions
 e - 2 potions of degeneration {unknown}
 f - a potion of magic {unknown}
 g - a potion of agility {unknown}
 j - a potion of flight {unknown}
Books
 c - a book of Changes

   Spells                             Type                      Level
   a - Beastly Appendage              Transmutation                1
   b - Sticks to Snakes               Transmutation                2
   c - Spider Form                    Transmutation/Poison         3
   d - Ice Form                       Ice/Transmutation            4
   e - Blade Hands                    Transmutation                5
Comestibles
 d - 2 bread rations
 i - a beef jerky


   Skills:
 + Level 1.2 Fighting
 + Level 1.6 Dodging
 + Level 0.4 Stealth
 + Level 3.5 Unarmed Combat
 + Level 2.6 Spellcasting
 + Level 2.2 Transmutations


You had 4 spell levels left.
You knew the following spells:

 Your Spells              Type           Power        Failure   Level  Hunger
a - Beastly Appendage     Tmut           #.....       12%         1    #......
b - Sticks to Snakes      Tmut           #.......     17%         2    ###....


Dungeon Overview and Level Annotations

Branches:
Dungeon (2/15)

Altars:


Innate Abilities, Weirdness & Mutations

You cannot wear boots.
Your serpentine skin is tough. (AC +1)
You have supernaturally acute eyesight. (SInv)
Armour fits poorly on your strangely shaped body.
Your system is resistant to poisons. (rPois)
You cover ground very slowly.
You have a slow metabolism.
You can spit poison.
You have a pair of horns on your head.


Message History

The adder is almost dead.
The adder bites you but does no damage.
You miss the adder.
The adder is almost dead.
You feel sick. The adder bites you.
You closely miss the adder.
The adder is almost dead.
The adder bites you.
* * * LOW HITPOINT WARNING * * *
You are too injured to fight recklessly!
You closely miss the adder.
The adder is almost dead.
Your transformation is almost over.
The adder bites you.
* * * LOW HITPOINT WARNING * * *
The adder bites you.
* * * LOW HITPOINT WARNING * * *
You punch the adder!
You kill the adder!
You die...

#.....# ### #.....# ..#
#.....# ########## ..#
#.....####........# ..+
+.....'..'........#
..####.....####........#
...........# #........#
#..........# #........#
#..........# #.@......#
..####.....# ##.....###
..# #.....# #........
..# #.....# #......##
..# #.....# #..$..... ..
......+ +........
#.....# #.....#..
#.....#..


There were no monsters in sight!

Vanquished Creatures
  2 adders (D:2)
  A worm (D:2)
  A dart slug (D:1)
  2 bats (D:2)
  A goblin (D:1)
  3 hobgoblins (D:1)
  A frilled lizard (D:1)
  4 rats
15 creatures vanquished.

Notes
Turn   | Place    | Note
-------+----------+-------------------------------------------
     0 | D:1      | volk64 the Naga Transmuter began the quest for the Orb.
     0 | D:1      | Reached XP level 1. HP: 18/18 MP: 3/3
   479 | D:1      | Reached XP level 2. HP: 8/25 MP: 3/5
   684 | D:1      | Learned a level 2 spell: Sticks to Snakes
   895 | D:2      | Reached XP level 3. HP: 7/31 MP: 6/6
  1187 | D:2      | HP: 1/31 [adder (4)]
  1188 | D:2      | Succumbed to an adder's poison

Action                   || total
-------------------------++-------
Melee: Unarmed           ||    46
       Headbutt          ||    10
 Cast: Beastly Appendage ||    10
 Abil: Spit Poison       ||     6
Armor: Robe              ||    11
Dodge: Dodged            ||    16
